 Dungeon Crawl Stone Soup version 0.31-a0-365-gcf821cafb2 (webtiles) character file.

Game seed: 1522665216286011025

144 drugrobin the Chopper (level 4, -13/37 HPs)
             Began as a Demigod Delver on July 28, 2023.
             Killed by an exploding gnoll (16 damage)
             ... ignited by their inner flame
             ... on level 2 of the Dungeon.
             The game lasted 00:05:55 (1921 turns).

drugrobin the Chopper (Demigod Delver)              Turns: 1921, Time: 00:05:56

Health: -13/37     AC:  8    Str: 17    XL:     4   Next: 76%
Magic:  6/6        EV:  7    Int: 12    God:
Gold:   107        SH:  4    Dex: 15    Spells: 3/3 levels left

rFire   + . .        b - +2 spear (freeze)
rCold   + . .        i - +0 buckler
rNeg    . . .        e - +0 chain mail
rPois   +            (no helmet)
rElec   +            (no cloak)
rCorr   +            (no gloves)
SInv    .            (no boots)
Will    .....        (no amulet) Stlth
                     (no ring)
HPRegen 0.26/turn    (no ring)
MPRegen 0.10/turn

%: no passive effects
@: resistant, attractive
A: high MP 1, forlorn, divine attributes
a: no special abilities


You were on level 2 of the Dungeon.
You visited 1 branch of the dungeon, and saw 5 of its levels.

You collected 107 gold pieces.

Inventory:

Hand Weapons
 a - a +0 hand axe
 b - a +2 spear of freezing (weapon)
 c - a +0 war axe
Missiles
 o - 2 throwing nets
Armour
 e - a +0 chain mail (worn)
 i - a +0 buckler (worn)
Jewellery
 j - a ring of fire
Wands
 g - a wand of digging (3)
Scrolls
 d - 5 scrolls of identify
 k - a scroll of fog
Potions
 f - a potion of mutation


   Skills:
 - Level 2.6 Fighting
 + Level 4.8 Axes
 - Level 1.7 Dodging
 - Level 4.5 Stealth


You had 3 spell levels left.
You didn't know any spells.
Your spell library was empty.

Dungeon Overview and Level Annotations

Branches:
Dungeon (5/15)
 Temple: D:4-7

Annotations:
D:3 Grinder
D:4 exclusion: black bear
D:5 Eustachio


Innate Abilities, Weirdness & Mutations

You have an increased reservoir of magic. (+10% MP)
You shall have no god before yourself.
Your divine heritage dramatically boosts your attributes as you level up.


Message History

You feel protected. The gnoll barely misses you.
The gnoll hits you but does no damage.
Unknown command.
Unknown command.
As you read the scroll labelled WUYTUFITTUNG, it crumbles to dust.
The creatures around you are filled with an inner flame!
It was a scroll of immolation.
The gnoll hits you but does no damage. x2
Unknown command.
Unknown command.
Blink to where?
Press: ? - help, Dir - move target
As you read the scroll labelled WOXIAF NYRUPP, it crumbles to dust.
It was a scroll of blinking.
The gnoll is attracted toward you. x2
The gnoll is attracted toward you.
Unknown command.
Okay, then.
Okay, then.
Unknown command.
Unknown command.
Unknown command.
You closely miss the gnoll. The gnoll closely misses you.
Unknown command.
Unknown command.
Unknown command.
You barely miss the gnoll. The gnoll barely misses you.
Unknown command.
Unknown command.
Unknown command.
You barely miss the gnoll. The gnoll hits you with a +0 flail.
* * * LOW HITPOINT WARNING * * *
Unknown command.
Unknown command.
You hit the gnoll.
Flame seeps out of the gnoll.
You freeze the gnoll.
Flame seeps out of the gnoll.
The gnoll is moderately wounded.
The gnoll is engulfed in blazing flames.
The gnoll explodes!
The fiery explosion engulfs the gnoll!!!
The fiery explosion engulfs you! You resist.
You die...

....# #...# #.#..##..# ....#
#...#### #.#......# .##.#
#...##.## ###.#.###.## .##.#
#...#.#.###.........#####
.##.#####>...###.##..............
##.......§..## ##)...##..#.#.....
.......§...## ##....#..........
##.......§..## ##.....#..#.#.....
#########..gg###@##....>...#.....
# #...#.#○###......######## #
#...##§## ##.##### # #...#### #.#
###### # ###...## #.#### #.....
##....).## ###).<.## #.####
#........# ##...#)..###.##..
####...#....###.....###.##.##.#
#........#.........## ##.#.##.#


There were no monsters in sight!

Vanquished Creatures
  An orc priest (D:1)
  An orc wizard (D:2)
  3 adders
  4 gnolls (D:2)
  A worm (D:2)
  2 orcs
  6 endoplasms
  5 hobgoblins
  4 jackals (D:2)
  A quokka (D:1)
  A ball python (D:1)
  5 bats
  2 frilled lizards
  4 goblins
  2 rats
42 creatures vanquished.

Notes
Turn   | Place    | Note
-------+----------+-------------------------------------------
     0 | D:5      | drugrobin the Demigod Delver began the quest for the Orb.
     0 | D:5      | Reached XP level 1. HP: 18/18 MP: 3/3
     0 | D:5      | Noticed an iguana
    30 | D:5      | Noticed Eustachio
    45 | D:5      | Noticed an orc priest
    45 | D:5      | Noticed an orc priest
    46 | D:5      | Noticed an orc priest
    55 | D:5      | Noticed a water moccasin
    65 | D:5      | Noticed a scorpion
    69 | D:4      | Noticed a black bear
   125 | D:3      | Noticed Grinder
   552 | D:1      | Reached XP level 2. HP: 25/25 MP: 4/4
  1028 | D:2      | Reached XP level 3. HP: 30/30 MP: 5/5
  1238 | D:1      | Reached XP level 4. HP: 22/37 MP: 6/6
  1921 | D:2      | Killed by an exploding gnoll... ignited by their inner
                  | flame

Illustrated notes

Levels and vault maps discovered:
D:1:      tarquinn_simple_flora_water_d, layout_basic,
          ebering_ecumenical_altar_petrified, serial_park_tiny_1
D:2:      layout_loops_cross
D:3:      layout_loops_ring, trog_three_pillars_becter, grunt_dithmenos_smoke,
          minmay_box_of_dots, uniq_robin, uniq_grinder
D:4:      layout_basic, minmay_overflow_temple_star_quad, serial_corexii_hall,
          corexii_hall_statues_deadend, corexii_hall_statues_t, serial_shops,
          kennysheep_mini, minmay_shop_damaged
D:5:      dreamdust_elfheim, layout_loops_ring, st_stairs_10, uniq_eustachio

Skill      XL: |  1  2  3 |
---------------+----------+-----
Axes           | 2 3 4 |  4.8
Fighting       | |  2.6
Dodging        | |  1.7
Stealth        | |  4.5

Action                     |  1- 3 |  4- 6 || total
---------------------------+-------+-------++-------
  Melee: Hand axe          |    18 |       ||    18
         Spear             |    85 |    36 ||   121
         Punch             |     1 |       ||     1
    Use: Scroll            |     2 |     3 ||     5
         Potion            |     1 |     2 ||     3
 Armour: Chain mail        |    53 |    20 ||    73
  Dodge: Dodged            |    24 |    11 ||    35
  Block: Buckler           |    12 |     8 ||    20

Table legend: (Time is in decaauts)
 A = Elapsed time spent in this place.
 B = Non-inter-level travel time spent in this place.
 C = Inter-level travel time spent in this place.
 D = Time resting spent in this place.
 E = Time spent auto-exploring this place.
 F = Levels seen in this place.
 G = Mean time per level.
                   A        B        C        D        E       F      G
               +--------+--------+--------+--------+--------+-----+--------+
         Total |   1919 |   1779 |    140 |    319 |    790 |   5 |  383.8 |
       Dungeon |   1919 |   1779 |    140 |    319 |    790 |   5 |  383.8 |
               +--------+--------+--------+--------+--------+-----+--------+

Top non-repeatable levels by time:
     D:2: 972 daAuts
     D:1: 814 daAuts
     D:5: 62 daAuts
     D:4: 48 daAuts
     D:3: 22 daAuts
